 Dungeon Crawl Stone Soup version 0.27.1-33-g824d729ab1 (webtiles) character file.

Game seed: 8952031010937379279

97930 H0rd4k the Slicer (level 16, -3/132 HPs)
             Began as a Human Artificer on Dec 10, 2021.
             Was an Initiate of Gozag.
             Slain by a merfolk (11 damage)
             ... on level 2 of the Shoals on Dec 11, 2021.
             The game lasted 01:36:31 (34511 turns).

H0rd4k the Slicer (Human Artificer)                Turns: 34511, Time: 01:36:33

Health: -3/132     AC: 25    Str: 20    XL:     16   Next: 71%
Magic:  24/29      EV: 17    Int: 22    God:    Gozag
Gold:   706        SH:  0    Dex: 15    Spells: 10/33 levels left

rFire    + . .     SeeInvis +   Z - +7 captain's cutlass {speed, disarm}
rCold    . . .     Faith    .   (no shield)
rNeg     + . .     Spirit   .   A - +5 ring mail {rF+}
rPois    .         Reflect  .   N - +2 helmet
rElec    +         Harm     .   E - +0 cloak
rCorr    .         Rampage  .   h - +2 pair of gloves {Stlth+}
Will     +....                  D - +2 pair of boots
Stlth    ++........             P - amulet "Xytwesk" {rElec Regen+ Int+6 Dex+2}
HPRegen  1.32/turn              t - +4 ring of protection
MPRegen  0.21/turn              T - ring "Igoys" {rElec rN+ Str+4 SInv}

@: sluggish, engulfed (cannot breathe), studying Translocations, very slow
A: no striking features
a: Renounce Religion, Potion Petition, Call Merchant, Bribe Branch


You were on level 2 of the Shoals.
You worshipped Gozag.
Gozag was pleased with you.
You visited 5 branches of the dungeon, and saw 26 of its levels.

You collected 7438 gold pieces.
You spent 5340 gold pieces at shops.
You paid 1392 gold pieces to Gozag.

Inventory:

Hand Weapons
 s - a +1 short sword of holy wrath
 O - the +9 heavy crossbow "Sniper" {vorpal, Acc+∞ SInv}
   (You bought it in a shop on level 2 of the Orcish Mines)

   Any ammunition fired from it inflicts extra damage upon your enemies.
   Any ammunition fired from it never misses its target.
   SInv:      It lets you see invisible.
 W - a +8 dagger of electrocution
 Z - the +7 captain's cutlass (weapon) {speed, disarm}
   (You found it on level 6 of the Lair of Beasts)

   Attacks with this weapon are significantly faster.
   It may disarm weapon-wielding foes when striking them, dealing extra damage
   in the process.
Missiles
 f - 2 curare-tipped darts
 q - 62 poisoned darts (quivered)
 w - 5 boomerangs of dispersal
 Q - 211 bolts
Armour
 h - a +2 pair of gloves of stealth (worn)
 r - a +3 ring mail of poison resistance
 A - a +5 ring mail of fire resistance (worn)
 D - a +2 pair of boots (worn)
 E - a +0 cloak (worn)
 I - a scarf of harm
 N - a +2 helmet (worn)
Jewellery
 l - a ring of protection from fire
 o - a ring of poison resistance
 t - a +4 ring of protection (left hand)
 P - the amulet "Xytwesk" (around neck) {rElec Regen+ Int+6 Dex+2}
   (You bought it in a shop on level 10 of the Dungeon)

   [amulet of regeneration]

   Int:       It affects your intelligence (+6).
   Dex:       It affects your dexterity (+2).
   rElec:     It insulates you from electricity.
   Regen:     It increases your rate of health regeneration.
 R - a ring of protection from cold
 T - the ring "Igoys" (right hand) {rElec rN+ Str+4 SInv}
   (You bought it in a shop on level 10 of the Dungeon)

   [ring of see invisible]

   Str:       It affects your strength (+4).
   rElec:     It insulates you from electricity.
   rN:        It protects you from negative energy.
   SInv:      It lets you see invisible.
Wands
 b - a wand of paralysis (5)
 c - a wand of flame (23)
 u - a wand of polymorph (13)
 y - a wand of digging (6)
 M - a wand of acid (5)
Scrolls
 d - 2 scrolls of fog
 g - 5 scrolls of teleportation
 k - 3 scrolls of magic mapping
 m - 2 scrolls of amnesia
 n - 4 scrolls of identify
 x - 3 scrolls of holy word
 L - a scroll of summoning
Potions
 a - 4 potions of heal wounds
 i - a potion of berserk rage
 j - 3 potions of curing
 p - 4 potions of lignification
 z - 5 potions of magic
 C - a potion of ambrosia
 F - 2 potions of cancellation
 G - 3 potions of resistance
 H - 4 potions of brilliance
 J - a potion of might
 K - 3 potions of flight
 U - a potion of invisibility
 V - 3 potions of haste
Miscellaneous
 e - a piece from Xom's chessboard (15/15)
 v - a lightning rod (inert)
 B - a piece from Xom's chessboard (15/15)


   Skills:
 + Level 13.6 Fighting
 + Level 13.8 Short Blades
 + Level 3.0 Crossbows
 + Level 4.1 Throwing
 + Level 4.1 Armour
 + Level 13.7 Dodging
 + Level 2.7 Stealth
 + Level 9.4 Spellcasting
 * Level 1.4 Summonings
 + Level 3.4 Necromancy
 * Level 1.5 Translocations
 * Level 4.4 Air Magic
 + Level 7.8 Evocations


You had 10 spell levels left.
You knew the following spells:

 Your Spells              Type           Power      Damage    Failure   Level
a - Swiftness             Air            30%        N/A       4%          3
b - Dispel Undead         Necr           25%        3d12      24%         4
c - Agony                 Necr           25%        N/A       56%         5
d - Excruciating Wounds   Necr           12%        N/A       56%         5
e - Summon Lightning Spi  Summ/Air       23%        N/A       30%         4
f - Blink                 Tloc           N/A        N/A       9%          2

Your spell library contained the following spells:

 Spells                   Type           Power      Damage    Failure   Level
 Pain                     Necr           100%       1d9       2%          1
 Corpse Rot               Necr/Air       N/A        N/A       3%          2
 Sublimation of Blood     Necr           12%        N/A       3%          2
 Shock                    Conj/Air       80%        1d8       4%          1
 Summon Small Mammal      Summ           64%        N/A       5%          1
 Call Imp                 Summ           16%        N/A       9%          2
 Magic Dart               Conj           40%        1d5       11%         1
 Searing Ray              Conj           20%        3d3       16%         2
 Wereblood                Tmut           10%        N/A       16%         2
 Airstrike                Air            15%        N/A       16%         4
 Call Canine Familiar     Summ           16%        N/A       17%         3
 Lesser Beckoning         Tloc           8%         N/A       17%         3
 Mephitic Cloud           Conj/Pois/Air  16%        N/A       17%         3
 Summon Guardian Golem    Hex/Summ       13%        N/A       22%         3
 Dazzling Flash           Conj/Hex       20%        N/A       30%         3
 Frozen Ramparts          Ice            20%        1d4       30%         3
 Inner Flame              Hex/Fire       10%        N/A       30%         3
 Iskenderun's Mystic Bla  Conj/Tloc      13%        2d5       58%         4
 Summon Ice Beast         Ice/Summ       13%        N/A       58%         4
 Cause Fear               Hex            5%         N/A       71%         4
 Ice Form                 Ice/Tmut       10%        N/A       71%         4
 Lightning Bolt           Conj/Air       10%        1d23      75%         5
 Borgnjor's Vile Clutch   Necr/Erth      9%         N/A       80%         5
 Manifold Assault         Tloc           17%        N/A       83%         5
 Summon Forest            Summ/Tloc      8%         N/A       83%         5
 Summon Mana Viper        Hex/Summ       13%        N/A       91%         5
 Death Channel            Necr           12%        N/A       98%         6
 Shadow Creatures         Summ           N/A        N/A       100%        6
 Starburst                Conj/Fire      5%         6d4       100%        6
 Summon Hydra             Summ           8%         N/A       100%        7
 Discord                  Hex            5%         N/A       100%        8


Dungeon Overview and Level Annotations

Branches:
Dungeon (15/15)            Temple (1/1) D:4            Lair (6/6) D:10
 Shoals (2/4) Lair:3       Spider (0/4) Lair:3        Slime (0/5) Lair:6
    Orc (2/2) D:11            Elf (0/3) Orc:2        Depths (0/5) D:15
 Vaults: D:13-14

Altars:
Ashenzari
Cheibriados
Dithmenos
Elyvilon
Fedhas
Gozag
Hepliaklqana
Kikubaaqudgha
Makhleb
Nemelex Xobeh
Okawaru
Qazlal
Ru
Sif Muna
Trog
Uskayaw
Vehumet
Wu Jian
Xom
Yredelemnul
Zin
The Shining One
Beogh

Shops:
D:10 =[   D:12 *[:(   Orc:1 *=   Orc:2 (:((

Annotations:
D:7 exclusion: downstairs
D:9 exclusion: 2 downstairs
D:12 exclusion: efreet
D:14 exclusion: downstairs, Agnes
Lair:4 exclusion: upstairs
Lair:6 exclusion: upstairs
Shoals:1 2 transporters, Kallu's ghost, adept HOAK


Message History

The merfolk misses you. The merfolk closely misses you.
You slip free of the water engulfing you.
You gasp with relief as air once again reaches your lungs.
Splash!
You fall into the shallow water.
Moving in this stuff is going to be slow.
The water elemental hits you.
* * * LOW HITPOINT WARNING * * *
The water nymph closely misses you. The merfolk closely misses you.
Unknown command.
As you read the scroll of summoning, it crumbles to dust.
Wisps of shadow whirl around you...
The water elemental is no longer distracted by gold.
The water elemental hits you.
The water elemental engulfs you in water!
The merfolk hits you but does no damage.
The water nymph points at you and mumbles some strange words.
The water swirls and strikes you.
* * * LOW HITPOINT WARNING * * *
Unknown command.
You slip free of the water engulfing you.
A death yak comes into view.
You gasp with relief as air once again reaches your lungs.
The water elemental hits your merfolk! The water elemental hits you.
The water elemental engulfs you in water!
Your merfolk barely misses the water nymph.
Splash!
You fall into the shallow water.
Moving in this stuff is going to be slow.
Your merfolk hits the water nymph with a +0 trident!!
The water elemental misses your merfolk.
The merfolk throws a boomerang.
The boomerang closely misses your merfolk.
The boomerang closely misses the merfolk.
The boomerang closely misses the water elemental.
The boomerang hits you!
* * * LOW HITPOINT WARNING * * *
The merfolk hits you from afar with a +0 trident!
You die...
Your body crumbles into a pile of gold.

.###..≈≈≈≈....##..≈..#..≈≈
≈....≈≈≈..[...#.≈≈....≈≈≈≈
≈.........≈.≈≈≈≈≈≈.....≈≈≈
≈≈<<......≈≈≈≈≈.≈$≈≈≈≈..≈≈
≈≈≈≈..###.≈≈≈..##≈$≈......
≈≈≈≈..# #.≈≈.#####≈Em.##..
≈≈≈≈≈.# #....# ##mm≈.##
≈.≈≈≈.# #....# ##E≈≈≈..#
≈.≈≈≈.# ###### #@mm≈≈..#
≈>≈≈≈.# #.mm≈≈≈≈.# ≈≈≈≈≈≈.
...≈≈≈≈≈≈..# #≈≈≈≈≈≈≈≈≈.##
..≈≈≈≈≈.....#
≈$≈≈≈......Y.#
≈≈≈≈≈..#..≈≈..# ≈≈≈≈≈..
#.≈≈...


You could see a death yak, 2 merfolk, 2 water elementals, a water nymph (ally
target), a friendly merfolk avatar (summoned), 2 friendly merfolk and a friendly
water nymph (summoned).

Vanquished Creatures
  A tengu reaver (D:12)
  Donald (Orc:2)
  An orc warlord (Orc:2)
  Snorg (Lair:4)
  Josephine (D:10)
  Harold (Orc:1)
  Fannar (Lair:2)
  6 hydras
  5 boulder beetles
  A merfolk avatar (Lair:6)
  3 centaur warriors
  2 merfolk aquamancers (Shoals:2)
  5 two-headed ogres
  Joseph (D:10)
  Urug (Lair:4)
  5 orc high priests (Orc:2)
  Nergalle (Orc:2)
  6 sea snakes
  4 orc knights (Orc:2)
  4 harpies (Shoals:1)
  3 deep elf pyromancers
  5 orc sorcerers
  A faun (Shoals:1)
  An ugly thing (D:14)
  A manticore (D:12)
  18 elephants
  3 cyclopes
  A merfolk siren (Shoals:2)
  5 black mambas
  17 cane toads
  A torpor snail (Lair:5)
  An unseen horror (D:11)
  6 rime drakes
  12 komodo dragons
  An efreet (D:14)
  9 trolls
  5 merfolk
  A meliai (D:14)
  2 wind drakes
  A polar bear (Lair:6)
  5 hornets
  25 blink frogs
  A meliai zombie (D:11)
  6 slime creatures
  10 dream sheep
  3 snapping turtles
  2 shadows
  A centaur simulacrum (D:15)
  62 yaks
  5 wyverns
  3 water elementals
  5 wraiths
  4 basilisks
  A vampire (D:10)
  9 vampire mosquitoes
  A steam dragon (Lair:6)
  3 wargs
  4 acid dragons
  15 water moccasins
  39 orc warriors
  A swamp drake (D:10)
  A sky beast (D:6)
  5 black bears
  An ice beast (D:7)
  17 ogres
  6 killer bees
  17 wolves
  13 centaurs
  2 kobold brigands
  7 bullfrogs
  A wyvern zombie (D:7)
  11 wights
  4 electric eels
  A bullfrog skeleton (D:4)
  A gnoll shaman (D:9)
  33 orc priests
  2 hounds
  2 jellies
  17 orc wizards
  5 iguanas
  7 hell rats (Lair:4)
  A hound skeleton (D:4)
  2 howler monkey zombies (D:9)
  8 gnolls
  5 adders
  2 shadow imps
  A white imp (D:6)
  2 adder skeletons
  A worm (D:4)
  A dart slug (D:1)
  96 orcs
  11 ball pythons
  2 endoplasms
  3 giant cockroaches (D:2)
  3 goblins
  7 hobgoblins
  4 jackals (D:2)
  15 kobolds
  4 quokkas
  6 bats
  3 frilled lizards
  6 rats
686 creatures vanquished.

Vanquished Creatures (collateral kills)
  Gastronok (D:12)
  2 vampire mosquitoes (D:10)
  4 killer bees (D:7)
  3 orc wizards (D:8)
  An adder (D:4)
  A dart slug (D:3)
  4 orcs
  A giant cockroach (D:3)
  A ball python (D:3)
18 creatures vanquished.

Vanquished Creatures (others)
  Maurice (D:10)
  A killer bee (D:7)
  A gnoll shaman (Orc:2)
  2 bushes
  57 fungi
  98 plants
160 creatures vanquished.

Grand Total: 864 creatures vanquished

Notes
Turn   | Place    | Note
-------+----------+-------------------------------------------
     0 | D:1      | H0rd4k the Human Artificer began the quest for the Orb.
     0 | D:1      | Reached XP level 1. HP: 15/15 MP: 1/1
   149 | D:1      | Reached XP level 2. HP: 10/21 MP: 2/2
   163 | D:1      | HP: 1/21 [quokka (2)]
   986 | D:1      | Reached XP level 3. HP: 23/26 MP: 3/3
  2492 | D:2      | Reached XP level 4. HP: 21/32 MP: 4/4
  3771 | D:3      | Reached skill level 1 in Short Blades
  4200 | D:4      | Reached XP level 5. HP: 29/38 MP: 5/5
  4847 | D:4      | Reached XP level 6. HP: 25/44 MP: 6/6
  4999 | D:4      | Found a staircase to the Ecumenical Temple.
  5091 | Temple   | Entered the Ecumenical Temple
  5314 | D:5      | Entered Level 5 of the Dungeon
  5490 | D:5      | Found an ornate altar of the Wu Jian Council.
  5706 | D:5      | Found a hazy altar of Hepliaklqana.
  5737 | D:5      | Reached XP level 7. HP: 27/51 MP: 7/7
  6558 | D:6      | Noticed a wraith
  6566 | D:6      | Reached skill level 1 in Throwing
  6584 | D:6      | Killed a wraith
  6585 | D:6      | Reached skill level 5 in Short Blades
  6813 | D:6      | Reached XP level 8. HP: 31/58 MP: 8/8
  7395 | D:6      | Found a stormy altar of Qazlal.
  7729 | D:6      | Found a broken altar of Ashenzari.
  8247 | D:7      | Reached XP level 9. HP: 66/66 MP: 9/9
  8413 | D:7      | Found a basalt altar of Yredelemnul.
  8801 | D:8      | Reached skill level 5 in Evocations
  8909 | D:8      | Reached skill level 5 in Fighting
  8909 | D:8      | Reached skill level 5 in Dodging
  9307 | D:8      | Found a shadowy altar of Dithmenos.
  9334 | D:8      | Noticed a hornet
  9339 | D:8      | Killed a hornet
 10108 | D:8      | Reached XP level 10. HP: 50/74 MP: 10/10
 10534 | D:9      | Noticed a centaur warrior
 10556 | D:9      | Killed a centaur warrior
 10801 | D:9      | Found an opulent altar of Gozag.
 10811 | D:9      | Became a worshipper of Gozag Ym Sagoz the Greedy
 11241 | D:9      | Reached skill level 1 in Spellcasting
 12450 | D:9      | Reached XP level 11. HP: 74/79 MP: 14/14
 12731 | D:10     | Entered Level 10 of the Dungeon
 12731 | D:10     | Noticed a two-headed ogre
 12731 | D:10     | Noticed Maurice
 12760 | D:10     | Noticed Joseph
 13096 | D:10     | Found an ancient bone altar of Kikubaaqudgha.
 13190 | D:10     | Your ally died
 13212 | D:10     | Reached skill level 10 in Short Blades
 13223 | D:10     | Killed Joseph
 13595 | D:10     | Killed a two-headed ogre
 13723 | D:10     | Found a radiant altar of Vehumet.
 14495 | D:10     | Found a staircase to the Lair.
 14535 | D:10     | Noticed Josephine
 14556 | Lair:1   | Entered Level 1 of the Lair of Beasts
 15122 | Lair:1   | Noticed an eight-headed hydra
 15131 | Lair:1   | Killed an eight-headed hydra
 15400 | Lair:1   | Noticed a seven-headed hydra
 15440 | Lair:1   | Reached XP level 12. HP: 92/92 MP: 18/18
 15488 | Lair:1   | Noticed Fannar
 15889 | Lair:4   | Noticed Snorg
 15895 | Lair:4   | Killed Snorg
 16149 | Lair:4   | Reached skill level 5 in Spellcasting
 16505 | Lair:4   | Noticed Urug
 16513 | Lair:4   | Killed Urug
 16936 | Lair:4   | Reached skill level 10 in Dodging
 18052 | Lair:3   | Found a hole to the Spider Nest.
 18155 | Lair:2   | Noticed a six-headed hydra
 18185 | Lair:2   | Killed a six-headed hydra
 18186 | Lair:2   | Reached XP level 13. HP: 78/102 MP: 22/22
 18432 | Lair:2   | Killed Fannar
 18575 | Lair:2   | Reached skill level 10 in Fighting
 19782 | Lair:1   | Killed a seven-headed hydra
 19819 | Lair:1   | Noticed a boulder beetle
 20488 | D:10     | Killed Josephine
 21264 | Lair:3   | Identified the +0 helmet "Byuck" {rElec rPois Str+5 Int-5}
 21639 | Lair:3   | Identified a scroll of acquirement
 21639 | Lair:3   | Acquired the amulet "Qadghyni" {-Tele Regen+ Int+3 Dex+5}
 21736 | Lair:3   | Found a staircase to the Shoals.
 22349 | D:10     | Bought the amulet "Xytwesk" {rElec Regen+ Int+6 Dex+2} for
                  | 912 gold pieces
 22349 | D:10     | Bought the ring "Igoys" {rElec rN+ Str+4 SInv} for 624 gold
                  | pieces
 22519 | Lair:5   | Reached XP level 14. HP: 27/113 MP: 25/25
 22891 | Lair:6   | Entered Level 6 of the Lair of Beasts
 23012 | Lair:6   | Learned a level 3 spell: Swiftness
 23099 | Lair:6   | Reached skill level 1 in Air Magic
 23224 | Lair:6   | Found a staircase to the Slime Pits.
 23225 | Lair:6   | Got the Reference Book on Dusty Conjuration
 24238 | Lair:6   | Paralysed by a hornet for 2 turns
 24354 | Lair:6   | Found the +7 captain's cutlass {speed, disarm}
 24436 | Lair:6   | Paralysed by a hornet for 1 turns
 24500 | Lair:6   | Identified the +0 ring mail of Lifelessness {Fly Slay+3}
 24809 | Lair:6   | Reached XP level 15. HP: 56/120 MP: 27/27
 25397 | D:10     | Bought a pair of embroidered gloves for 277 gold pieces
 25397 | D:10     | Bought a brightly glowing robe for 210 gold pieces
 25397 | D:10     | Identified the +2 robe of Rockel {Fly} (You bought it in a
                  | shop on level 10 of the Dungeon)
 25397 | D:10     | Bought a shadowed robe for 210 gold pieces
 25397 | D:10     | Identified the +1 robe of Ceuzuac {Rampage rN+ Stlth+} (You
                  | bought it in a shop on level 10 of the Dungeon)
 25399 | D:10     | Bought an ancient ring mail for 333 gold pieces
 25399 | D:10     | Identified the +2 ring mail "Owoph" {rN+++ Will++ Str-4
                  | Dex+3} (You bought it in a shop on level 10 of the Dungeon)
 25987 | D:11     | Found a staircase to the Orcish Mines.
 26264 | Orc:1    | Entered Level 1 of the Orcish Mines
 26407 | Orc:2    | Entered Level 2 of the Orcish Mines
 26933 | Orc:2    | Found Cocha's Antique Weapon Emporium.
 26971 | Orc:2    | Found Unaweej's Book Shoppe.
 26986 | Orc:2    | Bought a book of Storms for 352 gold pieces
 26986 | Orc:2    | Bought a book of Pain for 308 gold pieces
 26991 | Orc:2    | Learned a level 4 spell: Dispel Undead
 26997 | Orc:2    | Learned a level 5 spell: Agony
 27003 | Orc:2    | Learned a level 5 spell: Excruciating Wounds
 27008 | Orc:2    | Learned a level 4 spell: Summon Lightning Spire
 27256 | Orc:2    | Noticed Donald
 27528 | Orc:1    | Paralysed by an orc sorcerer for 5 turns
 27571 | Orc:1    | Found Megoruof's Gadget Gallery.
 27819 | Orc:2    | Found Eriossac's Weapon Boutique.
 28135 | Orc:2    | Killed Donald
 28235 | Orc:2    | Noticed an orc warlord
 28503 | Orc:2    | Killed an orc warlord
 28504 | Orc:2    | Reached skill level 1 in Necromancy
 28698 | Orc:2    | Found a staircase to the Elven Halls.
 29177 | Orc:2    | Found Eczuor's Weapon Shoppe.
 29327 | Orc:2    | Reached XP level 16. HP: 123/131 MP: 29/29
 29694 | Orc:2    | Bought the +9 heavy crossbow "Sniper" {vorpal, Acc+∞ SInv}
                  | for 854 gold pieces
 29694 | Orc:2    | Found the +9 heavy crossbow "Sniper" {vorpal, Acc+∞ SInv}
 29723 | Orc:2    | Bought 32 bolts for 102 gold pieces
 29836 | Orc:1    | Noticed Nergalle
 29836 | Orc:1    | Noticed Harold
 29836 | Orc:1    | Found Qidotzogg's Jewellery Emporium.
 29847 | Orc:2    | Killed Nergalle
 29981 | Orc:1    | Killed Harold
 30287 | Shoals:1 | Entered Level 1 of the Shoals
 30309 | Shoals:1 | Reached skill level 1 in Crossbows
 30410 | D:10     | Bought a runed ring mail for 259 gold pieces
 30410 | D:10     | Bought a shiny ring mail for 259 gold pieces
 31349 | D:12     | Found Utsool's General Store.
 31384 | D:12     | You fall into a shaft and drop 3 floors!
 31384 | D:15     | Entered Level 15 of the Dungeon
 31638 | D:14     | Noticed Agnes
 31885 | D:12     | Found Sobb's Armour Shoppe.
 32178 | D:12     | Noticed a tengu reaver
 32186 | D:12     | Killed a tengu reaver
 32390 | D:12     | Found Nuick's Book Emporium.
 32393 | D:12     | Found Saigg's Antique Weapon Shop.
 32533 | D:12     | Noticed Gastronok
 32548 | D:12     | Killed Gastronok
 33277 | D:12     | Bought a book of Spatial Translocations for 260 gold pieces
 33280 | D:12     | Learned a level 2 spell: Blink
 33280 | D:12     | Bought a book of the Dryads for 380 gold pieces
 33831 | Shoals:1 | Found a transporter.
 33835 | Shoals:1 | Found a transporter.
 33836 | Shoals:1 | Noticed Kallu's ghost (adept HOAK)
 33850 | Shoals:1 | Noticed a kraken
 33926 | Shoals:1 | Reached skill level 1 in Summonings
 34381 | Shoals:2 | Reached skill level 1 in Translocations
 34511 | Shoals:2 | Slain by a merfolk

Illustrated notes

Levels and vault maps discovered:
D:1:      minmay_arrival_stair_chambers, layout_basic, nrook_mini_vaults
D:2:      layout_basic, minivault_23
D:3:      layout_basic
D:4:      layout_rooms, minmay_temple_entry_waves
D:5:      minmay_general_purpose_star, layout_basic,
          pdpol_wu_jian_five_deadly_venoms, mainiacjoe_overflow_six_doors_small
D:6:      layout_basic, evilmike_ruin_ashenzari,
          nicolae_qazlal_general_emergency
D:7:      layout_cave_pools, yredelemnul_altar_generic
D:8:      layout_rooms, grunt_dithmenos_smoke
D:9:      layout_cave_pools, mainiacjoe_overflow_boulevard
D:10:     layout_cross, mainiacjoe_overflow_surrounded_room,
          nicolae_kikubaaqudgha_miasma_corner, erik_lair_dragon,
          grunt_ministairs_8, uniq_josephine, uniq_joseph, uniq_maurice
D:11:     layout_rooms, david_orc_5, nrook_pool_corridor,
          hangedman_decor_peaks_small, minmay_fractal_squares_gapless_7
D:12:     layout_loops_ring, serial_shops, shop, shop_coins,
          nicolae_shop_waterfront, nicolae_stop_n_shop_1, minmay_three_doors,
          uniq_gastronok
D:13:     layout_loops_ring, kennysheep_generic_room_5
D:14:     layout_cave_pods, lightli_vaults_fourway_checkpoint,
          lemuel_blue_sif_altar, tgw_trog, uniq_louise, uniq_agnes
D:15:     gammafunk_enter_depths_forms, layout_rooms,
          chequers_serial_rivers_micro_a
Temple:   nicolae_temple_god_jail
Lair:1:   layout_chaotic_city, uniq_fannar
Lair:2:   layout_hall_layers
Lair:3:   layout_hall_layers, minmay_shoals_entry_hut, dummy_spider_entry,
          beast_lair_carwin_11
Lair:4:   layout_loops_ring, uniq_urug, uniq_snorg
Lair:5:   layout_cave_shapes, cheibrodos_lair_caveside_slide,
          beast_lair_carwin_3, infiniplex_staircase_pool
Lair:6:   gammafunk_lair_ancient_temple, layout_long_grid,
          minmay_slime_entry_pillars
Shoals:1: layout_shoals, ebering_ghost_davey_jones, nicolae_shoals_loop_pool
Shoals:2: layout_shoals, nicolae_shoals_dead_sea_scrolls, uniq_polyphemus
Orc:1:    layout_caves, serial_shops, shop, nicolae_shop_gadgets, uniq_nergalle,
          uniq_harold
Orc:2:    pubby_orc_utopia, uniq_donald

Skill      XL: |  1  2  3  4  5  6  7  8  9 10 11 12 13 14 15 16 |
---------------+-------------------------------------------------+-----
Evocations     | 4 5 6 7 |  7.8
Dodging        | 2 3 4 5 7 8 10 11 12 13 | 13.7
Short Blades   | 1 2 3 5 6 8 9 10 11 12 13 | 13.8
Fighting       | 2 3 4 5 6 7 9 11 12 13 | 13.6
Throwing       | 1 2 3 4 |  4.1
Spellcasting   | 2 4 6 7 8 9 |  9.4
Air Magic      | 4 |  4.4
Necromancy     | 1 3 |  3.4
Crossbows      | 3 |  3.0
Armour         | 4 |  4.1
Stealth        | 2 |  2.7
Summonings     | 1 |  1.4
Translocations | 1 |  1.5

Action                   |  1- 3 |  4- 6 |  7- 9 | 10-12 | 13-15 | 16-18 || total
-------------------------+-------+-------+-------+-------+-------+-------++-------
Melee: Club              |   114 |       |       |       |       |       ||   114
       Short sword       |    52 |       |    13 |   211 |       |       ||   276
       Rapier            |    45 |   169 |   193 |       |       |       ||   407
       Dagger            |       |       |    65 |   758 |  1253 |    89 ||  2165
       Staff             |       |       |       |     1 |       |       ||     1
       Cutlass           |       |       |       |       |   479 |   332 ||   811
Throw: Dart              |       |    14 |    13 |     9 |       |       ||    36
 Cast: Swiftness         |       |       |       |       |     3 |     2 ||     5
       Summon Lightning  |       |       |       |       |     1 |     5 ||     6
Invok: Call Merchant     |       |       |       |       |     2 |       ||     2
Evoke: Wand              |       |     7 |    29 |    20 |    20 |     7 ||    83
       Piece from Xom's  |       |       |       |     2 |     9 |       ||    11
       Lightning rod     |       |       |       |       |     4 |     4 ||     8
  Use: Potion            |       |     1 |     1 |     5 |     5 |     2 ||    14
       Scroll            |       |       |     6 |     8 |    29 |     7 ||    50
 Stab: Sleeping          |     3 |       |       |       |     3 |     3 ||     9
       Distracted        |       |       |       |     4 |    12 |     4 ||    20
       Paralysed         |       |       |       |     8 |       |       ||     8
       Petrifying        |       |       |       |       |     2 |       ||     2
       Petrified         |       |       |       |       |     1 |       ||     1
Armor: Leather armour    |    90 |    63 |   104 |   233 |   290 |    18 ||   798
       Ring mail         |       |       |       |       |       |    97 ||    97
Dodge: Dodged            |   150 |   107 |   183 |   416 |   807 |   227 ||  1890
